Match 41789674
Unlisted

Match 41789674
End
Kettenkrad Recon Vehicle
Construct Infanterie Kompanie
Grenadier Squad
Grenadier Squad
Grenadier Squad
Construct Luftwaffe Kompanie
Flak 30 Anti-aircraft Gun Team
Support Elements
Jäger Squad
Infanterie Officer Quarters
Wirbelwind Flakpanzer
Medical Bunker
Construct Panzer Kompanie
Stoßtruppen Squad
Stoßtruppen Squad
Panzer IV Medium Tank
Selects Mechanized Battlegroup
Selects Spotting Scopes
Selects Wespe Self-propelled Artillery
Selects Zeroing Artillery Barrage
Marder III M Tank Destroyer
Wespe Self-propelled Artillery
MG 42 Machine Gun Team
Zeroing Artillery Barrage
Grand.G
• PRB • DAVkO
0
0

Comments sign in to comment!

No comments posted yet!